 Dungeon Crawl Stone Soup version 0.22.1-5-g62c59d9 (webtiles) character file.

3278 systemy the Cleaver (level 9, 0/82 HPs)
             Began as a Minotaur Berserker on Jan 14, 2019.
             Was an Elder of Trog.
             Slain by an orc warrior
             ... wielding a +0 halberd
              (19 damage)
             ... in a bailey.
             The game lasted 00:11:06 (5971 turns).

systemy the Cleaver (Minotaur Berserker)            Turns: 5971, Time: 00:11:07

Health: 0/82       AC: 19    Str: 25    XL:     9   Next: 69%
Magic:  8/8        EV:  8    Int:  4    God:    Trog [****..]
Gold:   612        SH:  0    Dex: 10    Spells: 8/8 levels left

rFire    . . .     SeeInvis .   a - +1 hand axe
rCold    . . .     Gourm    .   (no shield)
rNeg     . . .     Faith    .   j - +0 plate armour
rPois    .         Spirit   .   (helmet restricted)
rElec    .         Reflect  .   m - +2 cloak {MR+}
rCorr    .         Harm     .   y - +0 pair of gloves
MR       +....                  (no boots)
Stlth    ..........             (no amulet)
HPRegen  0.23/turn              (no ring)
MPRegen  0.11/turn              (no ring)

@: starving
A: retaliatory headbutt, horns 2
a: Berserk, Trog's Hand, Brothers in Arms, Renounce Religion


You were in a bailey.
You worshipped Trog.
Trog was greatly pleased with you.
You were starving.

You visited 1 branch of the dungeon, and saw 7 of its levels.
You also visited: Bailey.

You collected 612 gold pieces.

Inventory:

Hand Weapons
 a - a +1 hand axe (weapon)
Armour
 b - a +0 animal skin
 j - a +0 plate armour (worn)
 m - a +2 cloak of magic resistance (worn)
 y - a +0 pair of gloves (worn)
Jewellery
 e - an uncursed ring of wizardry {unknown}
Wands
 w - a wand of disintegration (10)
Scrolls
 g - 6 scrolls of identify
 i - 3 scrolls of remove curse
 k - a scroll of enchant weapon
 n - a scroll of magic mapping {unknown}
 p - 3 scrolls of fog
 s - a scroll of fear
Potions
 d - 5 potions of curing {unknown}
 f - a potion of lignification
 h - 2 potions of haste {unknown}
 l - a potion of berserk rage {unknown}
 o - a potion of cancellation {unknown}
 q - 2 potions of degeneration {unknown}
 t - 2 potions of brilliance {unknown}
 u - a potion of ambrosia {unknown}
 x - a potion of might {unknown}
Comestibles
 c - 6 rations


   Skills:
 + Level 8.3 Fighting
 + Level 11.5 Axes
 + Level 9.4 Armour
 + Level 3.3 Dodging


You had 8 spell levels left.
You didn't know any spells.
Your spell library was empty.

Dungeon Overview and Level Annotations

Branches:
Dungeon (7/15)             Temple (0/1) D:6

Altars:
Cheibriados
Dithmenos
Elyvilon
Gozag
Nemelex Xobeh
Ru
Yredelemnul
The Shining One

Shops:
D:7 [


Innate Abilities, Weirdness & Mutations

You reflexively headbutt those who attack you in melee.
You have a pair of horns on your head.


Message History

You now have 612 gold pieces (gained 15).
There is a large open door here.
There is a large open door here.
There is a large open door here.
The orc warrior shouts!
There is an open door, spattered with blood here.
Things that are here:
a trident; a scale mail The orc warrior shouts! x2
The orc knight roars a battlecry!
The orc warriors go into a battle-frenzy!
The orc warrior hits you from afar with a trident!!
The orc warrior hits you from afar with a glaive!
The orc warrior hits you from afar with a glaive.
The orc knight hits you from afar with a glaive!
The orc warrior hits you from afar with a glaive!
* * * LOW HITPOINT WARNING * * *
As you open the door, it creaks loudly!
The orc warrior hits you from afar with a halberd!!
You die...

.≈.#############+###§#########.≈.
.≈)##.....##...§.....## ##.≈.
.≈..##...#)..≈≈≈≈≈≈≈..## ##..≈.
.≈≈..##.##..≈≈.....≈≈§.# ##..≈≈.
#.≈≈..#'#..≈≈..⌠∩⌠..≈≈..# #..≈≈.∩
∩.≈≈..#'#..≈≈..o⌠...§≈§.#+#..≈≈.#
.≈≈..##.##..§§ooo..≈≈..##.##.)≈≈.
.≈..##...##..≈≈≈≈≈≈≈..'#...##.)≈.
.≈.##.....##....@....##.....##.≈.
.≈.#############'#############.≈.
.≈..##### ... ##..........≈.
.≈≈≈≈≈≈≈#######[:[##..≈≈≈≈≈≈≈≈≈≈.
.........##.))##.##).≈≈..........
#######.##..≈..###))≈≈..#########
####...##...≈≈.....≈≈..##
#∩..#######..≈≈≈≈≈≈≈..## ∩####
##.........##


You could see an orc knight and 3 orc warriors.

Vanquished Creatures
  The ghost of Loza the Slasher, a novice TrBe of Trog (D:6)
  An orc knight (Bailey)
  The ghost of myga the Ducker, an amateur MiWz (D:4)
  Prince Ribbit (D:7)
  The ghost of diana the Sneak, an amateur DsAs (D:4)
  A wyvern (D:7)
  Menkaure (D:7)
  A sky beast (D:5)
  2 orc warriors (Bailey)
  A phantom (D:4)
  2 ogres (D:4)
  A centaur (D:7)
  2 bullfrogs
  2 crimson imps
  A centaur skeleton (D:6)
  A jelly (D:7)
  6 hounds
  Crazy Yiuf (D:2)
  A bullfrog skeleton (D:5)
  An iguana (D:6)
  2 worker ants (D:5)
  2 orc wizards
  A hound zombie (D:7)
  Robin (D:2)
  10 adders
  4 gnolls (D:7)
  A shadow imp (D:5)
  2 adder skeletons
  2 worms
  3 dart slugs
  4 leopard geckos
  32 orcs
  5 ball pythons
  2 giant cockroaches
  10 hobgoblins
  5 jackals
  2 quokkas
  5 bats
  6 frilled lizards
  13 goblins
  A jackal skeleton (D:4)
  4 kobolds
  5 rats
151 creatures vanquished.

Vanquished Creatures (others)
  A withered plant (D:4)
1 creature vanquished.

Grand Total: 152 creatures vanquished

Notes
Turn   | Place    | Note
-------+----------+-------------------------------------------
     0 | D:1      | systemy the Minotaur Berserker began the quest for the Orb.
     0 | D:1      | Reached XP level 1. HP: 19/19 MP: 0/0
   240 | D:1      | Reached skill level 4 in Axes
   240 | D:1      | Reached XP level 2. HP: 10/27 MP: 1/1
   905 | D:2      | Noticed Robin
   912 | D:2      | Reached XP level 3. HP: 33/33 MP: 2/2
   916 | D:2      | Killed Robin
   916 | D:2      | Reached ** piety under Trog
   960 | D:2      | Reached XP level 4. HP: 26/41 MP: 3/3
  1008 | D:2      | Reached skill level 5 in Axes
  1333 | D:2      | Found a runed door.
  1646 | D:2      | Noticed Crazy Yiuf
  1650 | D:2      | Killed Crazy Yiuf
  1650 | D:2      | Reached XP level 5. HP: 34/47 MP: 4/4
  1689 | D:3      | Found a glowing golden altar of the Shining One.
  1690 | D:3      | Found a white marble altar of Elyvilon.
  1691 | D:3      | Found a snail-covered altar of Cheibriados.
  1694 | D:3      | Found a sacrificial altar of Ru.
  1695 | D:3      | Found a basalt altar of Yredelemnul.
  1963 | D:3      | Reached *** piety under Trog
  1971 | D:3      | Reached skill level 5 in Fighting
  2291 | D:3      | Reached skill level 6 in Axes
  2632 | D:4      | Found a runed gate.
  2632 | D:4      | Found a runed gate.
  2632 | D:4      | Found a runed gate.
  2635 | D:4      | Noticed diana's ghost (amateur DsAs)
  2635 | D:4      | Noticed myga's ghost (amateur MiWz)
  2670 | D:4      | Noticed a phantom
  2683 | D:4      | Killed a phantom
  2683 | D:4      | Reached XP level 6. HP: 45/56 MP: 5/5
  2767 | D:4      | Found an opulent altar of Gozag.
  2817 | D:4      | HP: 2/56 [ogre/giant spiked club (22)]
  2818 | D:4      | Reached skill level 7 in Axes
  3577 | D:4      | Killed diana's ghost
  3577 | D:4      | Reached skill level 5 in Armour
  3577 | D:4      | Reached XP level 7. HP: 61/61 MP: 6/6
  3578 | D:4      | Killed myga's ghost
  3578 | D:4      | Reached skill level 8 in Axes
  3605 | D:5      | Entered Level 5 of the Dungeon
  3718 | D:5      | Found a sparkling altar of Nemelex Xobeh.
  3846 | D:5      | Reached XP level 8. HP: 66/70 MP: 7/7
  4340 | D:6      | Found a staircase to the Ecumenical Temple.
  4346 | D:6      | Reached skill level 9 in Axes
  4572 | D:6      | Found a runed gate.
  4573 | D:6      | Found a runed gate.
  4574 | D:6      | Found a runed gate.
  4574 | D:6      | Found an opulent altar of Gozag.
  4583 | D:6      | Noticed Loza's ghost (novice TrBe)
  4704 | D:6      | Reached **** piety under Trog
  4711 | D:6      | Killed Loza's ghost
  4711 | D:6      | Reached skill level 10 in Axes
  4830 | D:7      | Found a shadowy altar of Dithmenos.
  4892 | D:7      | Reached XP level 9. HP: 73/79 MP: 8/8
  5036 | D:7      | Noticed Prince Ribbit
  5045 | D:7      | Killed Prince Ribbit
  5079 | D:7      | Found Uzehul's Armour Shop.
  5246 | D:7      | Noticed Menkaure
  5255 | D:7      | Killed Menkaure
  5269 | D:7      | Reached skill level 11 in Axes
  5419 | D:7      | Found a flagged portal.
  5429 | Bailey   | Entered a bailey
  5608 | Bailey   | Noticed an orc knight
  5690 | Bailey   | Noticed an orc knight
  5705 | Bailey   | Killed an orc knight
  5971 | Bailey   | Slain by an orc warrior

Skill      XL: |  1  2  3  4  5  6  7  8  9 |
---------------+----------------------------+-----
Axes           | 4 5 6 7 8 10 11 | 11.5
Fighting       | 4 5 6 7 8 |  8.3
Armour         | 3 5 6 8 9 |  9.4
Dodging        | 3 |  3.3

Action                   |  1- 3 |  4- 6 |  7- 9 || total
-------------------------+-------+-------+-------++-------
Melee: Hand axe          |    53 |   143 |   220 ||   416
       Headbutt          |     6 |    23 |    47 ||    76
Invok: Berserk           |     1 |     1 |     5 ||     7
       Trog's Hand       |       |     1 |     1 ||     2
  Use: Scroll            |       |       |    10 ||    10
 Stab: Sleeping          |     1 |       |       ||     1
  Eat: Chunk             |     1 |     2 |    11 ||    14
       Ration            |       |     2 |       ||     2
Armor: Animal skin       |     9 |       |       ||     9
       Plate armour      |    14 |    66 |   167 ||   247
Dodge: Dodged            |    26 |    57 |   101 ||   184
